[Event "Late-Titled-Tuesday-Blitz-January-16-2024"]
[Site "Chess.com"]
[Date "2024.01.16"]
[Round "3"]
[White "tolimachess"]
[Black "Bryanl106"]
[Result "1-0"]
[WhiteElo "2443"]
[BlackElo "2586"]
[TimeControl "180+1"]
[EndTime "14:28:46 PST"]
[Termination "tolimachess won by checkmate"]

1. e4 e5 2. Nc3 Nf6 3. g3 Bc5 4. Bg2 O-O 5. h3 a6 6. a4 d6 7. Nge2 Nc6 8. O-O h6 9. d3 Re8 10. Be3 Bxe3 11. fxe3 Be6 12. Nd5 Bxd5 13. exd5 Ne7 14. Nc3 c6 15. dxc6 Nxc6 16. Nd5 Nh7 17.
Qf3 Ng5 18. Qf2 Rf8 19. h4 Ne6 20. Bh3 Ne7 21. Bxe6 fxe6 22. Qxf8+ Qxf8 23. Rxf8+ Kxf8 24. Rf1+ Nf5 25. Nb6 Rd8 26. g4 g6 27. e4 Kf7 28.
exf5 gxf5 29. gxf5 Rg8+ 30. Kh2 Rg4 31. Kh3 Rb4 32. Nc4 exf5 33. Nxd6+ Ke6 34. Nxf5 Rxb2 35. Rf2 b5 36. axb5 a5 37. Ne3 a4 38. Nc4 Rxb5 39.
Rf1 Rb4 40. Ra1 Kd5 41. c3 Rb3 42. Ne3+ Ke6 43. Rxa4 Rxc3 44. Ra6+ Kf7 45. Kg4 Rxd3 46. Nf5 Rb3 47. Kh5 e4 48. Nd6+ Kg7 49. Nxe4 Rb5+ 50. Kg4 Rb4 51. Kf4 Kh7 52. Re6 Kg7 53. Kf5 Rb5+ 54.
Re5 Rb7 55. h5 Rf7+ 56. Kg4 Ra7 57. Nd6 Ra4+ 58. Kf5 Ra7 59. Ne8+ Kh7 60. Nf6+ Kg7 61. Nd5 Rf7+ 62. Ke6 Rf1 63. Kd6 Ra1 64. Re7+ Kg8 65.
Ke6 Ra6+ 66. Kf5 Kf8 67. Rh7 Kg8 68. Rb7 Kh8 69. Ne7 Ra5+ 70. Kg6 Ra6+ 71. Kf7 Rd6 72. Ng6+ Kh7 73. Nf8+ Kh8 74. Ne6 Rd5 75. Kg6 Rd6 76. Rb8+ Rd8 77. Rxd8# 1-0

[Event "Late-Titled-Tuesday-Blitz-January-16-2024"]
[Site "Chess.com"]
[Date "2024.01.16"]
[Round "3"]
[White "glebus008"]
[Black "mightysmasher"]
[Result "1/2-1/2"]
[WhiteElo "2298"]
[BlackElo "2559"]
[TimeControl "180+1"]
[EndTime "14:28:46 PST"]
[Termination "Game drawn by repetition"]

1. a3 e5 2. Nc3 d5 3. d4 exd4 4. Qxd4 Nf6 5. Bg5 Be7 6. O-O-O c6 7. e4 c5 8. Qa4+ Bd7 9. Bb5 d4 10. Bxf6 Bxf6 11. Nd5 Be7 12. Nxe7 Qxe7 13. Nf3 O-O 14. Rhe1 a6 15. Bxd7 Nxd7 16. e5 b5 17. Qa5 Qe6 18. Kb1 h6 19. Qc7 Rfe8 20. Qd6 Qxd6 21. exd6 Kf8 22. b4 Rxe1 23. Rxe1 Rd8 24. bxc5 Nxc5 25.
Nxd4 Rxd6 26. c3 g6 27. Kc2 Na4 28. Re5 Rd7 29. Kb3 Rc7 30. Re3 Nc5+ 31. Kb4 Na4 32. Kb3 Rc4 33. h4 Nxc3 34. Rxc3 Rxd4 35. Rc6 a5 36. Rc5 b4 37. Rxa5 bxa3 38. Rxa3 Rxh4 39. g3 Rh2 40. Ra2 Ke7 41. Kc4 Kf6 42. Kd4 Kg5 43.
Ke3 Kf6 44. Ra6+ Kg7 45. Kf3 h5 46. Ra7 Rh1 47. Kg2 Rb1 48. Ra4 Rb6 49. Rd4 g5 50.
Rd5 Kg6 51. Rd4 f6 52. Rc4 Re6 53. Rb4 Re5 54. Ra4 Kf5 55. Rb4 g4 56. Ra4 Kg5 57.
Rb4 f5 58. Rb8 Re6 59. Rg8+ Rg6 60. Ra8 h4 61. gxh4+ Kxh4 62. Rh8+ Kg5 63. Ra8 Rd6 64. Rg8+ Kf4 65. Ra8 Rd4 66. Ra5 Rd2 67. Ra4+ Kg5 68.
Ra5 Rd4 69. Rb5 Rd2 70. Ra5 Kf4 71. Ra4+ Kg5 72. Ra5 1/2-1/2

[Event "Late-Titled-Tuesday-Blitz-January-16-2024"]
[Site "Chess.com"]
[Date "2024.01.16"]
[Round "3"]
[White "ChessBrainiacOnTwitch"]
[Black "masnyszachistaaa"]
[Result "1-0"]
[WhiteElo "2801"]
[BlackElo "2523"]
[TimeControl "180+1"]
[EndTime "14:28:48 PST"]
[Termination "ChessBrainiacOnTwitch won by resignation"]

1. e4 c5 2. Nf3 Nc6 3. d4 cxd4 4.
Nxd4 g6 5. Nc3 Bg7 6. Be3 Nf6 7. Bc4 O-O 8. f3 Re8 9. Qd2 e6 10. Bb3 d5 11. exd5 Nxd5 12. Nxd5 exd5 13. O-O-O Ne5 14.
Kb1 a6 15. Bh6 Bh8 16. h4 Nc4 17. Qf2 Qb6 18. h5 a5 19. a4 Qf6 20. hxg6 hxg6 21.
Qg3 Bd7 22. Bg5 Qe5 23. Qh4 Bg7 24. Qh7+ Kf8 25. f4 Qd6 26. Rhe1 Ne3 27. Bh6 Bxh6 28. Qxh6+ Kg8 29. Rd3 Ng4 30. Rxe8+ Rxe8 31. Qh4 Qf6 32. Qg3 Re4 33. Nf3 Qxf4 34. Qh4 Nf6 35. Qh1 Bxa4 36.
Bxd5 Nxd5 37. Rxd5 Re8 38. Rd4 Re4 39. Rd5 Qf6 40.
Qd1 Bc6 41. Rd8+ Re8 42. Rd6 Qe7 43. Rd3 a4 44. Nd4 Qe1 45. Ka2 Qxd1 46. Rxd1 Bd5+ 47.
Ka3 Bxg2 48. Kxa4 Bc6+ 49. Kb4 g5 50. Kc5 f6 51. b4 Be4 52. Re1 Rc8+ 53. Kb6 Bxc2 54.
Rc1 Bf5 55. Rf1 Be4 56. Rxf6 Rc4 57. Nb5 Rxb4 58. Kc5 Rb1 59. Nd6 Bc6 60. Rg6+ Kh7 61. Rxg5 Rc1+ 62. Kd4 Rd1+ 63. Kc5 Rc1+ 64. Kb6 Rb1+ 65.
Kc7 Re1 66. Nf5 Rd1 67. Rg7+ Kh8 68. Rg3 Rd7+ 69. Kb6 Rf7 70. Nd6 Rf6 71. Kc7 Re6 72. Nf7+ Kh7 73. Ng5+ Kg6 74. Nxe6+ Kf5 75. Re3 1-0

[Event "Late-Titled-Tuesday-Blitz-January-16-2024"]
[Site "Chess.com"]
[Date "2024.01.16"]
[Round "3"]
[White "guillembaches"]
[Black "JM2005GM"]
[Result "0-1"]
[WhiteElo "2524"]
[BlackElo "2561"]
[TimeControl "180+1"]
[EndTime "14:28:48 PST"]
[Termination "JM2005GM won on time"]

1. d4 Nf6 2. Nf3 e6 3. Bg5 d5 4. Nbd2 Be7 5. e3 Nbd7 6. Bd3 b6 7. c3 Bb7 8. Qb1 h6 9. Bh4 c5 10. Ne5 Nxe5 11. dxe5 Nd7 12. Bxe7 Qxe7 13. f4 O-O 14. O-O f6 15. exf6 Rxf6 16. Bb5 Nf8 17. Nf3 a6 18. Bd3 Nd7 19. Bg6 Raf8 20. Qd3 e5 21. fxe5 Nxe5 22. Nxe5 Qxe5 23. Rxf6 Rxf6 24. Rf1 Rxf1+ 25.
Kxf1 Qf6+ 26. Qf5 Qxf5+ 27. Bxf5 Kf7 28. Kf2 Kf6 29. Bd3 Ke5 30. g3 b5 31. Ke2 Bc8 32.
a3 d4 33. cxd4+ cxd4 34. Kd2 Be6 35. Bc2 Bd7 36. Bd3 g5 37. Bc2 h5 38. Bd3 h4 39.
Bc2 a5 40. Ke2 b4 41. axb4 axb4 42. Kf2 Bc6 43. Ke2 Be4 44. exd4+ Kxd4 45. Bb3 Bc6 46. Kd2 Ke4 47. Ke2 Bb5+ 48. Kf2 Kd3 49. gxh4 gxh4 50.
Kf3 Bd7 51. Kf4 Kd2 52. h3 Bxh3 53. Kg5 Kc1 54. Kxh4 Kxb2 55. Bd5 Bf1 56. Kg3 Bd3 57. Kf2 Kc3 58. Ke3 Bc4 59. Be4 b3 60. Bb1 b2 61.
Bf5 Bb3 62. Bb1 Bc2 63. Ba2 Bg6 64. Ke2 Kc2 65. Ke1 Bd3 66. Kf2 Bc4 0-1

[Event "Late-Titled-Tuesday-Blitz-January-16-2024"]
[Site "Chess.com"]
[Date "2024.01.16"]
[Round "3"]
[White "ritanovikova"]
[Black "Statham_01"]
[Result "1/2-1/2"]
[WhiteElo "2181"]
[BlackElo "2541"]
[TimeControl "180+1"]
[EndTime "14:28:48 PST"]
[Termination "Game drawn - insufficient material"]

1. e4 e6 2. d4 d5 3. exd5 exd5 4. Bd3 Nc6 5. c3 Bd6 6. h3 Nge7 7. Nf3 Bf5 8. Qc2 Qd7 9. Be3 f6 10. Nbd2 a6 11.
g4 Bg6 12. Nh4 Bxd3 13. Qxd3 O-O-O 14. O-O-O Kb8 15. Kb1 g6 16. f4 Nc8 17. f5 g5 18.
Nhf3 Nb6 19. Nb3 Nc4 20. Bc1 b6 21. Nfd2 b5 22. Nf3 Rhe8 23. Rhe1 a5 24. Nbd2 Bf4 25. Nxc4 dxc4 26. Qc2 Bxc1 27. Rxc1 Qd5 28. Qf2 b4 29. Rxe8 Rxe8 30. Re1 Re4 31. Nd2 Rxe1+ 32. Qxe1 a4 33. a3 b3 34. Qe8+ Ka7 35. Ne4 h5 36. Qe6 Qxe6 37.
fxe6 hxg4 38. hxg4 Kb6 39. d5 Ne7 40. Nxf6 Kc5 41.
Kc1 Kd6 42. Ne4+ Kxd5 43. Nxg5 Ke5 44. Kd2 Kf4 45. Nf7 Kxg4 46. Ne5+ Kf5 47. Nxc4 Kxe6 48. Ne3 Nc6 49. Kd3 Kd6 50. Kc4 Ne5+ 51. Kb5 Nd3 52. Nd1 c5 53. Kxa4 Kc6 54. Kxb3 Ne5 55. a4 c4+ 56. Kc2 Kb6 57. b3 Ka5 58. Ne3 cxb3+ 59. Kxb3 Nc6 60. Nc4+ Ka6 61. Nd6 Ne5 62. Kb4 Nd3+ 63.
Kc4 Nb2+ 64. Kb3 Nd3 65. Ne4 Nc1+ 66. Kb4 Nd3+ 67. Kb3 Ka5 68. Nd2 Nc5+ 69. Ka3 Nxa4 70. Nb3+ Kb5 71. Nd4+ Kc4 72. Kxa4 Kxc3 1/2-1/2

[Event "Late-Titled-Tuesday-Blitz-January-16-2024"]
[Site "Chess.com"]
[Date "2024.01.16"]
[Round "3"]
[White "jjbolanos"]
[Black "GMJustin"]
[Result "1/2-1/2"]
[WhiteElo "2052"]
[BlackElo "2334"]
[TimeControl "180+1"]
[EndTime "14:28:48 PST"]
[Termination "Game drawn - insufficient material"]

1. e4 c6 2. Nf3 d5 3. Nc3 g6 4. d4 Bg7 5. e5 Bg4 6. h3 Bxf3 7. Qxf3 f6 8. exf6 exf6 9. Bd3 Ne7 10. O-O O-O 11. Re1 Rf7 12. Bf4 Nd7 13. h4 Ne5 14.
Qe2 Nxd3 15. Qxd3 Qd7 16. Re2 Qf5 17. Rae1 Qxd3 18. cxd3 Nf5 19. Re8+ Rxe8 20. Rxe8+ Rf8 21. Rxf8+ Bxf8 22. h5 Nxd4 23. Be3 Nc2 24. Bxa7 b5 25. hxg6 hxg6 26. d4 f5 27. b3 b4 28. Ne2 Kf7 29. Nc1 Bg7 30. Nd3 Bxd4 31. Bxd4 Nxd4 32. Nxb4 Ke6 33. Kf1 c5 34. Nd3 Kd6 35. Nf4 g5 36. Nh3 g4 37. Nf4 Nc2 38. g3 d4 39. Ke2 Nb4 40. Nd3 Nxa2 41. Kd2 Nb4 42. Ne1 Ke5 43. Ng2 Ke4 44. Nh4 Nd5 45. Ng6 Nc3 46. Ne7 Kf3 47.
Nxf5 Kxf2 48. Kd3 Kf3 49. Kc4 Ne2 50. Kxc5 Nxg3 51. Nxd4+ Ke4 52. Nc2 Nf5 53. b4 g3 54.
Ne1 Ke3 55. b5 Kf2 56. Nd3+ Kf1 57. Nf4 Ne7 58. b6 Ng8 59. b7 Nf6 60. Kb6 Nd7+ 61. Kc7 Nc5 62. Kc6 Na6 63. Kb6 Nb8 64. Kc7 Na6+ 65.
Kc8 g2 66. Nxg2 Kxg2 67. Kd7 Kf3 68. Kc6 Ke4 69. Kb6 Nb8 70. Kc7 Na6+ 71. Kc8 Kd5 72. b8=Q Nxb8 1/2-1/2

[Event "Late-Titled-Tuesday-Blitz-January-16-2024"]
[Site "Chess.com"]
[Date "2024.01.16"]
[Round "3"]
[White "JCVanDamme10"]
[Black "biostatistician"]
[Result "0-1"]
[WhiteElo "2319"]
[BlackElo "2574"]
[TimeControl "180+1"]
[EndTime "14:28:50 PST"]
[Termination "biostatistician won by checkmate"]

1. e4 e5 2. Nf3 Nc6 3. Bb5 Nf6 4. d3 d6 5. O-O Bd7 6. c3 g6 7. Re1 Bg7 8. d4 O-O 9. Bg5 h6 10. Bxf6 Bxf6 11. d5 Nb8 12. Bxd7 Nxd7 13. Nbd2 Bg5 14. Nc4 f5 15. Na5 Rb8 16. Qb3 Nc5 17. Qc4 Nxe4 18.
Rxe4 fxe4 19. Qxe4 Rf4 20. Qxg6+ Kh8 21. h4 Qf6 22.
Qxf6+ Bxf6 23. Nb3 Bxh4 24. Nxh4 Rxh4 25. g3 Re4 26.
Kf1 Rf8 27. Nd2 Rg4 28. Kg2 Kg7 29. Re1 a5 30. Ne4 b6 31. f3 Rg6 32. c4 h5 33. Rh1 Rh8 34. Rh4 Rh7 35. a4 Rh8 36. b3 Kh6 37. Rh1 Rh7 38. Kf2 Kg7 39.
Rh4 Rhh6 40. Kg2 Kf7 41. Kf2 Ke7 42. Ke3 Kd7 43. Rh3 c6 44. dxc6+ Kxc6 45. Nc3 Rg7 46. Nd5 Rf7 47. Rh4 Rh8 48. Rh3 Rhf8 49. f4 exf4+ 50.
Nxf4 Re8+ 51. Kf3 Re5 52. Rh1 Kc5 53. Rd1 Rf6 54. Kg2 Kb4 55. Nd3+ Kxb3 56. Nxe5 dxe5 57. Rd5 Re6 58. c5 bxc5 59. Rxc5 Kxa4 60. Kf3 Kb4 61. Rc1 a4 62. Ke4 a3 63. Rb1+ Kc3 64. Rb8 Ra6 65.
Rc8+ Kd2 66. Rd8+ Ke2 67. Rc8 a2 68. Rc2+ Kf1 69. Rxa2 Rxa2 70. Kxe5 Ra4 71. Kf5 Rg4 72. Ke5 Rxg3 73. Kf4 h4 74. Kf5 Rg2 75. Kf6 h3 76. Kf7 h2 77. Kf8 h1=Q 78. Ke8 Qh7 79. Kd8 Rg8# 0-1

[Event "Late-Titled-Tuesday-Blitz-January-16-2024"]
[Site "Chess.com"]
[Date "2024.01.16"]
[Round "3"]
[White "Felix-Rose"]
[Black "ahmedkandiliii"]
[Result "0-1"]
[WhiteElo "2232"]
[BlackElo "2423"]
[TimeControl "180+1"]
[EndTime "14:28:51 PST"]
[Termination "ahmedkandiliii won on time"]

1. e4 e5 2. Nf3 Nc6 3. Bb5 a6 4. Ba4 Nf6 5. d3 Bc5 6. c3 O-O 7. Nbd2 d6 8. h3 Bb6 9. Nf1 Ne7 10. Nh4 Ng6 11. Nxg6 fxg6 12. Bb3+ Kh8 13. Be3 Bxe3 14.
Nxe3 Nh5 15. g3 Qg5 16. h4 Qf6 17. Qe2 Bd7 18. O-O-O Qxf2 19. Qxf2 Rxf2 20. g4 Ng3 21. Rh3 Ne2+ 22. Kb1 Raf8 23. h5 Nf4 24. Rhh1 gxh5 25.
gxh5 c6 26. h6 g5 27. d4 exd4 28. Rxd4 Rf6 29. e5 Rf8 30. Rxd6 Bc8 31. e6 Ng6 32.
Rhd1 Re8 33. Rd8 Rff8 34. Rxe8 Rxe8 35. Nf5 g4 36. Kc1 g3 37. Nxg3 Nf8 38. e7 Nd7 39.
Nf5 Nf6 40. Rd8 Bxf5 41. Bf7 Bg6 42. Bxe8 Bxe8 43. Rb8 Kg8 44. Rxb7 Kf7 45. Ra7 Nd7 46. Rxa6 Kxe7 47. Rxc6 Ne5 48. Rc7+ Bd7 49. a4 Kd6 50. Rb7 Kc6 51. Rb4 Nd3+ 52. Kc2 Nxb4+ 53. cxb4 Kd5 54.
b5 Kc5 55. Kc3 Be8 56. b4+ Kd5 57. a5 Bxb5 58. Kd2 Kc4 59. Ke3 Kxb4 60. Kf4 Kxa5 0-1

[Event "Late-Titled-Tuesday-Blitz-January-16-2024"]
[Site "Chess.com"]
[Date "2024.01.16"]
[Round "3"]
[White "GMKrikor"]
[Black "vidavi"]
[Result "1-0"]
[WhiteElo "2722"]
[BlackElo "2475"]
[TimeControl "180+1"]
[EndTime "14:29:05 PST"]
[Termination "GMKrikor won by resignation"]

1. Nf3 c5 2. c4 Nc6 3. Nc3 g6 4. d4 cxd4 5. Nxd4 Bg7 6. e3 Nf6 7. Be2 O-O 8. Nc2 d6 9. e4 Be6 10. Be3 Ne5 11. b3 Qa5 12. Bd2 Rfc8 13. O-O Qd8 14. h3 Ned7 15. f4 Nc5 16. Bf3 Rab8 17. Be3 a6 18. Nd4 Bd7 19. Rc1 b5 20. e5 Ne8 21. b4 Ne6 22. Nxe6 Bxe6 23. cxb5 axb5 24.
Ba7 dxe5 25. Qxd8 Rxd8 26. Bxb8 Rxb8 27. fxe5 Bxe5 28. Nd5 Bd6 29. Rfd1 Kg7 30. a3 Ra8 31. Nf4 Rxa3 32. Nxe6+ fxe6 33. Bc6 Nc7 34. Bd7 Nd5 35. Bxb5 Nxb4 36. Be2 Re3 37. Bf3 Re5 38. Re1 Rxe1+ 39. Rxe1 Kf6 40. Bg4 e5 41. Bf3 Nc2 42. Rf1 Bc5+ 43.
Kh1 Ne3 44. Rc1 Bd6 45. Be4 Nf5 46. Kh2 Nd4 47. Rf1+ Kg7 48. h4 e6 49. g3 Nf5 50.
Kh3 Bc5 51. Rb1 Bf2 52. Rb3 h5 53. Rf3 Bd4 54. Rf1 Nd6 55. Re1 Nf5 56. Re2 Nd6 57. Bd3 Nf5 58. Ra2 Nd6 59. Ra6 Bc5 60. Rc6 Bb4 61.
Kg2 Kf6 62. Kf3 Ke7 63. Bxg6 e4+ 64. Bxe4 Nxe4 65. Kxe4 Be1 66. Kf3 Kf6 67. Rc5 Kg6 68. Re5 Bc3 69. Rxe6+ Kg7 70. Rc6 Bd4 71. Kf4 Bf6 72.
Kf5 Bd8 73. Rc4 Kh6 74. Rc2 Bc7 75. Rc6+ Kg7 76. Rxc7+ 1-0

[Event "Late-Titled-Tuesday-Blitz-January-16-2024"]
[Site "Chess.com"]
[Date "2024.01.16"]
[Round "3"]
[White "FabianoCaruana"]
[Black "Makswolf200817"]
[Result "1/2-1/2"]
[WhiteElo "3023"]
[BlackElo "2716"]
[TimeControl "180+1"]
[EndTime "14:29:16 PST"]
[Termination "Game drawn - insufficient material"]

1. b3 e5 2. Bb2 Nc6 3. e3 Nf6 4. Bb5 e4 5. Ne2 d5 6. d3 exd3 7.
cxd3 Bd6 8. Nd2 O-O 9. Bxc6 bxc6 10. h3 a5 11. O-O c5 12. Nf3 Re8 13. Rc1 Rb8 14.
Bc3 Ra8 15. a4 Bf5 16. d4 Ne4 17. dxc5 Bxc5 18. Bd4 Ba3 19. Ra1 Bb4 20. Bb2 Qd6 21. Nf4 Rad8 22. Rc1 Bc8 23. Nd3 c5 24. Nxb4 axb4 25.
Nd2 Ng5 26. f4 Ne6 27. Nf3 f6 28. Rf2 Nf8 29. Rfc2 Nd7 30. Qd2 Bb7 31. Qf2 Re7 32.
Rd2 Rde8 33. Re1 Qa6 34. Nh4 g6 35. Nf3 c4 36. Bd4 c3 37. Rdd1 Qe6 38. Qg3 Rc8 39. Nh2 Qf5 40. Ng4 Kg7 41. Rc1 Ba6 42. Qh4 h5 43.
Nf2 Nf8 44. g4 hxg4 45. hxg4 Qe6 46. g5 Nh7 47. Ng4 Rf8 48. gxf6+ Nxf6 49. Qh6+ Kg8 50. Nxf6+ Rxf6 51. Qh4 Ref7 52. Kf2 Kf8 53. Rg1 Ke8 54. Bxf6 Rxf6 55. Rg5 Bd3 56. Qg3 Kd7 57. Qg4 Bf5 58.
Qe2 Qc6 59. Qb5 Qxb5 60. axb5 Rb6 61. Rgg1 Rxb5 62. Ra1 c2 63. Rgc1 Rc5 64. Ra4 Rb5 65. Ke2 Kd6 66. Kd2 Kc5 67. Rca1 d4 68. exd4+ Kxd4 69. Ra6 Ke4 70. R1a5 Rxa5 71. Rxa5 Kxf4 72. Rb5 g5 73.
Rxb4+ Kf3 74. Rb5 Kf4 75. Rb4+ Kf3 76. Rb5 Kf4 77. Rc5 g4 78. Rc3 g3 79. Rc4+ Be4 80. Rc8 g2 81. Rg8 Kf3 82. b4 Bf5 83. Rxg2 Kxg2 84. b5 Kf3 85. b6 Be4 86. b7 Bxb7 87.
Kxc2 1/2-1/2

[Event "Late-Titled-Tuesday-Blitz-January-16-2024"]
[Site "Chess.com"]
[Date "2024.01.16"]
[Round "3"]
[White "Yaacovn"]
[Black "ValeriyGrinev"]
[Result "1-0"]
[WhiteElo "2897"]
[BlackElo "2568"]
[TimeControl "180+1"]
[EndTime "14:29:47 PST"]
[Termination "Yaacovn won by resignation"]

1. d4 Nf6 2. e3 g6 3. Nf3 Bg7 4. Be2 O-O 5. O-O d6 6. b3 Nbd7 7. Bb2 e5 8. dxe5 Ng4 9. c4 Ngxe5 10. Nxe5 dxe5 11. Nc3 c6 12. Ne4 Qe7 13. Qd6 Qxd6 14. Nxd6 Nc5 15. Ba3 Ne6 16. Rad1 Rd8 17. Rd2 Bf8 18.
Rfd1 Bxd6 19. Bxd6 f6 20. f4 exf4 21. exf4 b6 22.
Bf3 Bb7 23. Be7 Rxd2 24. Rxd2 Kf7 25. Ba3 Rd8 26. Rxd8 Nxd8 27. c5 Ne6 28. cxb6 axb6 29. g3 Nd4 30. Bg2 Ba6 31. Bb2 c5 32. Bd5+ Ke7 33. Kf2 Bd3 34. Ke3 Bb1 35. a3 Nf5+ 36.
Kd2 Nd6 37. Bg8 h6 38. Ke3 Nf5+ 39. Kf3 Nd4+ 40. Bxd4 cxd4 41. Bc4 g5 42. b4 Bc2 43. Ke2 Kd6 44. Kd2 Be4 45. h4 gxh4 46. gxh4 Bf5 47. Bd3 Bd7 48. Be4 Bb5 49. Kc2 Bc4 50. Kc1 Bd5 51.
Bd3 Bc6 52. Kd2 Kd5 53. Bf1 Ba4 54. Bd3 Be8 55. Kc2 Ba4+ 56. Kb2 Bd1 57. Ka2 Ba4 58.
Kb2 Bd1 59. Kc1 Ba4 60. Kd2 Be8 61. Bf5 Kc4 62. Be6+ Kb5 63. Kd3 Ka4 64. Kxd4 Kxa3 65. Kc3 Ka4 66. Bc4 Bc6 67. Ba6 Bd5 68. Bd3 Ka3 69. Bb5 Be6 70. Bc6 Bf7 71. Bd7 Bd5 72. Bf5 Bf7 73. Bd3 Ka4 74. Be2 Ka3 75. Bd1 Be6 76. Bc2 Bf7 77. Be4 Be6 78. Bc6 Bf7 79. Bb5 Be6 80. Bc4 Bd7 81. Bd5 Bb5 82.
Bb3 Be2 83. Be6 Bf1 84. Bc4 Bg2 85. Bb5 Bd5 86. Bd7 Bf7 87. b5 Ka4 88. Kd4 Kb4 89. Ke4 Bg6+ 90. Kd5 Bd3 91. Ke6 Bxb5 92. Bxb5 Kxb5 93.
Kxf6 Kc4 94. Kg7 b5 95. f5 b4 96. f6 b3 97. f7 b2 98. f8=Q b1=Q 99. Qf7+ Kd4 100.
Qf6+ Kd5 101. Kxh6 Qh1 102. h5 Kc5 103. Kg6 Kb4 104.
h6 Qg2+ 105. Qg5 Qc6+ 106. Qf6 Qe8+ 107. Kg7 Qd7+ 108. Qf7 Qg4+ 109. Kh7 Qe4+ 110. Qg6 Qe7+ 111. Qg7 Qe4+ 112. Kg8 Qe8+ 113. Qf8+ Qxf8+ 114. Kxf8 1-0

[Event "Late-Titled-Tuesday-Blitz-January-16-2024"]
[Site "Chess.com"]
[Date "2024.01.16"]
[Round "3"]
[White "Balla_Tamas"]
[Black "karinachess1"]
[Result "1/2-1/2"]
[WhiteElo "2462"]
[BlackElo "2621"]
[TimeControl "180+1"]
[EndTime "14:30:08 PST"]
[Termination "Game drawn - timeout vs insufficient material"]

1. e4 e5 2. Nf3 Nc6 3. d4 exd4 4.
Nxd4 Bc5 5. Nb3 Bb6 6. Nc3 Nf6 7. Qe2 O-O 8. Be3 d5 9. O-O-O d4 10. Qe1 Be6 11. Bb5 Bxb3 12. axb3 Nb4 13. Ne2 c5 14. Nxd4 Na2+ 15. Kb1 cxd4 16. Kxa2 Nxe4 17. Bxd4 Bxd4 18. Qxe4 Qa5+ 19. Kb1 Bf6 20. Bd3 g6 21. h4 Rfe8 22. Qf3 Qe5 23. c3 a5 24. h5 a4 25.
hxg6 hxg6 26. Rde1 Qxe1+ 27. Rxe1 Rxe1+ 28. Kc2 axb3+ 29. Kxb3 Kg7 30. Bc4 Re7 31. g4 Rd8 32. Qg2 Bg5 33. Qg3 Bf6 34. f4 g5 35. fxg5 Bxg5 36. Qf3 Rd6 37.
Qf5 Rb6+ 38. Kc2 Bf6 39. g5 Be5 40. g6 Rxg6 41. Bxf7 Rf6 42. Qg5+ Kxf7 43. Qh5+ Ke6 44. Qg4+ Kd6 45. Qb4+ Ke6 46. Qc4+ Kf5 47. Qd3+ Kg5 48. Qe3+ Rf4 49. Qg3+ Kf6 50. Qg8 Rf2+ 51. Kb3 Rf4 52. Qh8+ Ke6 53. Qc8+ Rd7 54. Qe8+ Kd6 55. Qb8+ Ke6 56.
Qe8+ Re7 57. Qc8+ Kf6 58. Qf8+ Rf7 59. Qh8+ Kf5 60. Qh5+ Ke6 61. Qg6+ R7f6 62. Qe8+ Kf5 63. Qd7+ Ke4 64. Qxb7+ Kf5 65. Qd7+ Kg5 66. Qg7+ Kh4 67. Qh7+ Kg3 68. Qd3+ Kg4 69. Qe2+ Kf5 70. Qh5+ Ke6 71. Qe8+ Kd5 72. Qb5+ Ke4 73. Qc6+ Ke3 74. Qc5+ Ke4 75. Qc4+ Kf5 76. Qd3+ Kg5 77. Qg3+ Kf5 78. Qh3+ Rg4 79. Qf3+ Rf4 80. Qh3+ Ke4 81. Qg2+ Rf3 82. Qg4+ R6f4 83.
Qg6+ Ke3 84. Qb6+ Kd2 85. Qd8+ Ke2 86. Qe7 Re3 87. Qh7 Rff3 88. Qc2+ Kf1 89. Qd1+ Kf2 90. Qd2+ Re2 91. Qd5 Bf4 92. Qd4+ Be3 93. Qh4+ Kf1 94. Qh1+ Kf2 95. Qh2+ Ke1 96. Qh1+ Kd2 97. Qxf3 Bf2 98.
Qd5+ Ke1 99. c4 Re3+ 100. Kb4 Ke2 101. c5 Rd3 102. Qe4+ Be3 103. c6 Rd4+ 104. Qxd4 Bxd4 1/2-1/2

[Event "Late-Titled-Tuesday-Blitz-January-16-2024"]
[Site "Chess.com"]
[Date "2024.01.16"]
[Round "3"]
[White "Grischuk"]
[Black "alertakobra"]
[Result "1/2-1/2"]
[WhiteElo "3073"]
[BlackElo "2412"]
[TimeControl "180+1"]
[EndTime "14:30:17 PST"]
[Termination "Game drawn by 50-move rule"]

1. d4 Nf6 2. c4 g6 3. g3 Bg7 4.
Bg2 d5 5. Nf3 O-O 6. O-O dxc4 7. Na3 c3 8. bxc3 c5 9. Bb2 Nc6 10. Re1 Qb6 11. Nc4 Qa6 12. Nfe5 Rd8 13. Nxc6 bxc6 14. Ne5 Nd5 15. Nd3 cxd4 16. cxd4 Rb8 17.
Qc1 Nb4 18. Nc5 Qb6 19. Rd1 Na6 20. Nb3 Be6 21. Qxc6 Qxc6 22. Bxc6 Nb4 23. Ba4 Nc2 24. Rac1 Bxb3 25. Bxb3 Nxd4 26. Bxd4 Bxd4 27. Kg2 Bb6 28. f4 e6 29. Kf3 Rxd1 30. Rxd1 Rd8 31. Rc1 Kf8 32.
g4 h6 33. h4 Ke7 34. h5 gxh5 35. gxh5 Rg8 36. Rd1 Rg1 37. Rxg1 Bxg1 38. e3 e5 39.
fxe5 Bh2 40. Ke4 Bg3 41. Kf5 Bf2 42. e4 Be3 43. e6 fxe6+ 44. Bxe6 Bd4 45. e5 Be3 46.
Bc4 Bd4 47. Ba6 Bb6 48. a4 Be3 49. Bc4 Bb6 50. Kg6 Be3 51. a5 Bd2 52. a6 Bc1 53. Kf5 Bd2 54. Ke4 Bc1 55. Kd3 Bg5 56. Kd4 Bf4 57. Bb3 Bc1 58. Ke4 Bg5 59. Kd5 Bc1 60. Kc6 Bd2 61. Kc7 Be3 62. Kb7 Bd4 63. Bc4 Bb6 64. Kc6 Bd4 65. Kd5 Bb6 66. Ke4 Ba5 67. Ke3 Bb6+ 68. Kf4 Ba5 69. Kf5 Bd2 70. Bd5 Be3 71.
Kg6 Bd2 72. Bb3 Be3 73. Ba2 Bd2 74. Kf5 Be3 75. Ke4 Bc1 76. Kd4 Bg5 77. Kc4 Be3 78. Kd3 Bb6 79. Ke4 Ba5 80. Kf5 Bd2 81. Ke4 Bc1 82. Kd4 Bg5 83. Kd5 Bc1 84. Kc6 Be3 85. Kb7 Bd4 86. Kb8 Bc5 87. Ka8 Bb6 88. Kb7 Bg1 89. Kc6 Bf2 90. Kd5 Be3 91. Ke4 Bg1 92. Kd3 Bf2 93. Ke2 Bg1 94. Kf3 Bb6 95. Kf4 Bc5 96. Ke4 Bb6 97. Kf5 Bc5 98. e6 Be3 99. Kg6 Bd2 100. Kg7 Be3 101. Kh7 Bd2 102. Kg6 Bc1 103. Kf5 Bd2 104. Ke4 Bc1 105. Kd5 Bd2 106. Kc4 Be3 107. Kd3 Bb6 108. Ke4 Bg1 109. Kf4 Bb6 110. Kf5 Bg1 111. Ke4 Bb6 112. Kd5 Bg1 113. Ke5 Bb6 114. Kf5 Bg1 115. Ke4 Bb6 116. Bb3 Bg1 117. Ke5 Bb6 118. Kf5 Bg1 119. Kg6 Be3 120. Kg7 Bc1 121. Kh7 Bd2 122. Kg6 Be3 123. Kf5 Bc1 124. Ke5 Bd2 125. Ke4 Bc1 126. Kd4 Bd2 127. Kc5 Be3+ 128. Kc6 Bb6 129. Kb7 Bg1 130. Kb8 Bb6 131. Ka8 Bg1 132. Kb7 Bb6 133. Bc4 Bg1 134. Kc6 Bb6 135. Kd5 Bg1 136. Ke5 Bb6 137. Kf5 Bg1 138. Kf4 Bb6 139. Ke4 Bg1 140. Kf5 Bb6 141. Kg6 Be3 142. Kg7 Bd2 143. Kh7 Bc1 144. Kg6 Bd2 145. Kf5 Be3 146. Ke4 Bg1 147. Kd5 Bb6 148. Ke5 1/2-1/2

[Event "Late-Titled-Tuesday-Blitz-January-16-2024"]
[Site "Chess.com"]
[Date "2024.01.16"]
[Round "4"]
[White "Machteldvf"]
[Black "karinachess1"]
[Result "0-1"]
[WhiteElo "2464"]
[BlackElo "2626"]
[TimeControl "180+1"]
[EndTime "14:32:24 PST"]
[Termination "karinachess1 won by resignation"]

1. e4 e5 2. Nf3 Nc6 3. d4 exd4 4.
Nxd4 Bc5 5. Nb3 Bb6 6. Nc3 Nf6 7. Be2 O-O 8. O-O Re8 9. Bd3 h6 10. Qe2 d5 11. Rd1 Bg4 0-1

[Event "Late-Titled-Tuesday-Blitz-January-16-2024"]
[Site "Chess.com"]
[Date "2024.01.16"]
[Round "4"]
[White "IMRosen"]
[Black "ozen_metehan"]
[Result "1-0"]
[WhiteElo "2674"]
[BlackElo "2447"]
[TimeControl "180+1"]
[EndTime "14:32:41 PST"]
[Termination "IMRosen won by resignation"]

1. d4 d5 2. Bf4 c5 3. Nc3 e6 4. e4 cxd4 5. Qxd4 Nc6 6. Bb5 Nf6 7.
exd5 exd5 8. O-O-O Be7 9. Nxd5 Nxd5 10. Qxd5 Be6 11. Bxc6+ 1-0

[Event "Late-Titled-Tuesday-Blitz-January-16-2024"]
[Site "Chess.com"]
[Date "2024.01.16"]
[Round "4"]
[White "ural58"]
[Black "DraningWaterHi"]
[Result "0-1"]
[WhiteElo "2454"]
[BlackElo "2230"]
[TimeControl "180+1"]
[EndTime "14:33:03 PST"]
[Termination "DraningWaterHi won by resignation"]

1. e4 e5 2. f4 exf4 3. Bc4 f6 4.
Bxg8 Rxg8 5. Qh5+ g6 6. Qxh7 Rg7 7. Qh8 d5 8. Ne2 dxe4 9. Nxf4 Bf5 10. Nc3 Nc6 11. b3 Qd4 12. Ba3 O-O-O 13. Bxf8 Qxd2+ 14. Kf1 Qxf4+ 0-1

[Event "Late-Titled-Tuesday-Blitz-January-16-2024"]
[Site "Chess.com"]
[Date "2024.01.16"]
[Round "4"]
[White "Viktor_Poddubnyi"]
[Black "katharinareinecke"]
[Result "1-0"]
[WhiteElo "2260"]
[BlackElo "2030"]
[TimeControl "180+1"]
[EndTime "14:33:07 PST"]
[Termination "Viktor_Poddubnyi won by resignation"]

1. e4 c6 2. d4 d5 3. exd5 cxd5 4. c4 Nf6 5. Nc3 Be6 6. a3 dxc4 7. Bg5 h6 8. Bxf6 exf6 9. d5 Bd7 10. Bxc4 Be7 11. Nge2 O-O 12. d6 Re8 13. dxe7 Rxe7 14. O-O a6 15.
Ng3 b5 16. Bd5 Ra7 17. Re1 Be6 18. Bxe6 Qxd1 19. Bxf7+ Kxf7 20. Raxd1 1-0

[Event "Late-Titled-Tuesday-Blitz-January-16-2024"]
[Site "Chess.com"]
[Date "2024.01.16"]
[Round "4"]
[White "Mops_2004"]
[Black "ATM622"]
[Result "1-0"]
[WhiteElo "2689"]
[BlackElo "2480"]
[TimeControl "180+1"]
[EndTime "14:33:25 PST"]
[Termination "Mops_2004 won by resignation"]

1. Nf3 Nf6 2. c4 e6 3. Nc3 d5 4. e3 Be7 5. b3 O-O 6. Bb2 b6 7. cxd5 Nxd5 8. Qc2 Bb7 9. h4 f5 10. Bc4 Bf6 11. O-O-O Nb4 12. Qxf5 Bd5 13. Bxd5 Nxd5 14. Qxe6+ 1-0